 Seeded DCSS version 0.29.1-15-g9cfb28693d (webtiles) character file.

Game seed: 10389257799748471964 (custom seed)

32 Psyclone the Chiller (level 3, 19/19 HPs)
             Began as a Deep Elf Ice Elementalist on Sept 27, 2023.
             Quit the game on level 2 of the Dungeon.
             The game lasted 00:02:30 (1109 turns).

Psyclone the Chiller (Deep Elf Ice Elementalist)    Turns: 1109, Time: 00:02:30

Health: 19/19      AC:  2    Str:  5    XL:     3   Next: 8%
Magic:  6/10       EV: 12    Int: 21    God:
Gold:   35         SH:  0    Dex: 15    Spells: 9/10 levels left

rFire   . . .      SeeInvis .   a - staff of cold
rCold   + . .      Faith    .   (no shield)
rNeg    . . .      Spirit   .   j - +0 robe
rPois   .          Reflect  .   (no helmet)
rElec   .          Harm     .   (no cloak)
rCorr   .          Rampage  .   (no gloves)
Will    .....                   (no boots)
Stlth   ++........              (no amulet)
HPRegen 0.06/turn               (no ring)
MPRegen 0.12/turn               (no ring)

@: no status effects
A: no striking features
a: no special abilities


You were on level 2 of the Dungeon.
You visited 1 branch of the dungeon, and saw 2 of its levels.

You collected 35 gold pieces.

Inventory:

Armour
 j - a +0 robe (worn)
Magical Staves
 a - a staff of cold (weapon)
Scrolls
 c - 2 scrolls of identify {unknown}
 d - a scroll of teleportation {unknown}
 g - a scroll of butterflies {unknown}
 h - 2 scrolls of amnesia {unknown}
 k - a scroll of enchant armour {unknown}
Potions
 b - a potion of magic
 e - a potion of attraction {unknown}
 f - a potion of haste {unknown}


   Skills:
 - Level 2.4 Dodging
 - Level 2.4 Stealth
 + Level 4.1 Spellcasting
 + Level 5.0 Ice Magic


You had 9 spell levels left.
You knew the following spells:

 Your Spells              Type           Power      Damage    Failure   Level
a - Freeze                Ice            100%       1d11      1%          1

Your spell library contained the following spells:

 Spells                   Type           Power      Damage    Failure   Level
 Frozen Ramparts          Ice            76%        1d12      4%          3
 Ozocubu's Armour         Ice            38%        N/A       4%          3
 Sting                    Tmut/Pois      16%        1d3       12%         1
 Poisonous Vapours        Pois/Air       8%         N/A       19%         2
 Hailstorm                Conj/Ice       22%        3d7       38%         4
 Olgreb's Toxic Radiance  Pois           4%         N/A       75%         4


Dungeon Overview and Level Annotations

Branches:
Dungeon (2/15) Zot: 10891

Altars:


Message History

Done exploring.
Health restored: 15; MP restored: 8 Done exploring.
(D) Dungeon
Where to? (? - help)
There is a stone staircase leading down here.
You climb downwards.
There is a stone staircase leading up here.
An adder comes into view.
Casting: Freeze (safe; 1% risk of failure)
Confirm with . or Enter, or press ? or * to list all spells.
Aiming: Freeze (safe; 1% risk of failure)
Press: ? - help, Shift-Dir - straight line, f - adder
Aim: an adder (asleep)
You feel a surge of power!
You freeze the adder!
The adder hisses angrily.
The adder is almost dead.
The adder bites you but does no damage.
You now have 7/8 mp.
Casting: Freeze (safe; 1% risk of failure)
Confirm with . or Enter, or press ? or * to list all spells.
Aiming: Freeze (safe; 1% risk of failure)
Press: ? - help, Shift-Dir - straight line, f/p - adder
Aim: an adder (almost dead)
You feel a surge of power!
You freeze the adder!
You kill the adder!
Your Spellcasting skill increases to level 4!
Your Ice Magic skill increases to level 5!
You have reached level 3!
Your experience leads to an increase in your attributes!
Increase (S)trength, (I)ntelligence, or (D)exterity?
You feel clever. x2
Health restored: 19 You now have 6/10 mp.
This is a scroll of acquirement!
You see here a Young Poisoner's Handbook.
Something appears at your feet!
You pick up a Young Poisoner's Handbook and begin reading...
You add the spells Sting, Poisonous Vapours and Olgreb's Toxic Radiance to your library.
Are you sure you want to abandon this character and quit the game? (Confirm with "yes".)

..# #.# #.# #.#
... #.# # #†#
#.#.###@####.##
#..............
###.....###.###
#.###.###.#
#.........#
#####.#####
##..#
#####...####
...........+


There were no monsters in sight!

Vanquished Creatures
  An adder (D:2)
  An endoplasm (D:1)
  4 goblins (D:1)
  3 hobgoblins (D:1)
  A quokka (D:1)
  2 ball pythons (D:1)
  2 bats (D:1)
  2 frilled lizards (D:1)
  4 kobolds (D:1)
  3 rats (D:1)
23 creatures vanquished.

Notes
Turn   | Place    | Note
-------+----------+-------------------------------------------
     0 | D:1      | Psyclone the Deep Elf Ice Elementalist began the quest for
                  | the Orb.
     0 | D:1      | Reached XP level 1. HP: 10/10 MP: 6/6
   240 | D:1      | Reached XP level 2. HP: 10/15 MP: 3/8
  1105 | D:2      | Reached skill level 5 in Ice Magic
  1105 | D:2      | Reached XP level 3. HP: 19/19 MP: 6/10
  1105 | D:2      | Identified a scroll of acquirement
  1105 | D:2      | Acquired a Young Poisoner's Handbook
  1109 | D:2      | Quit the game

Illustrated notes

Levels and vault maps discovered:
D:1:      minmay_arrival_open_corners, layout_basic, serial_glass,
          glass_columns_c, glass_columns_a, minmay_tree_intersection
D:2:      layout_loops_corners, basic_altar, ebering_ecumenical_altar_hall

Skill      XL: |  1  2 |
---------------+-------+-----
Spellcasting   | 4 |  4.1
Ice Magic      | 5 |  5.0
Dodging        | |  2.4
Stealth        | |  2.4

Action                   || total
-------------------------++-------
Melee: Staff             ||     2
 Cast: Freeze            ||    34
  Use: Scroll            ||     1
Armor: Robe              ||     3
Dodge: Dodged            ||    13
